AoeStats
← ChessPro2007

Arena

510030274Analyzed
2v2 RM · 4d ago on Sep 29, 2026· 25m 38s· 4 players
Game mode
Random Map
Map size
Medium (4 player)
Population
200
Speed
Normal
Resources
Standard
Victory
Conquest
Starting age
Dark Age
Ending age
Imperial Age
RankedLock teamsTeams togetherTeam positionsShared explorationLock speedFull tech treeHidden civsTurbo modeCheats
Victory
Defeat
🇦🇷 Gurjaras · Argentina
1397
+7
🇦🇷 Turks · Argentina
1139
+16
🇺🇸 Bohemians · United States
1195
-13
🇺🇸 Hindustanis · United States
1137
-10
MuMu4U4U
5:38 Loom
11:15 Feudal Age
18:32 Castle Age
ChessPro2007
10:11 Feudal Age
11:24 Double-Bit Axe
16:40 Castle Age
17:12 Loom
19:20 Wheelbarrow
SAVAANT97_TTV
8:29 Feudal Age
7:25 Loom
12:02 Castle Age
15:33 Sanctity
18:28 Wheelbarrow
20:15 Redemption
22:32 Fervor
22:44 Gold Mining
23:21 Double-Bit Axe
25:04 Bow Saw
mirkotlv
9:56 Feudal Age
11:24 Double-Bit Axe
11:19 Horse Collar
16:32 Castle Age
14:32 Gold Mining
16:29 Wheelbarrow
18:23 Bow Saw
19:08 Loom
22:29 Imperial Age
21:36 Bow Saw
Connection lost

Rejoining the realm…

Still unreachable

The connection could not be restored.

Session expired

The server has moved on; the page needs a fresh start.